 Dungeon Crawl Stone Soup version 0.30-a0-782-ge64f9170bb (webtiles) character file.

Game seed: 7841123922165793426

96 IndexError the Shooter (level 4, 0/25 HPs)
             Began as a Gargoyle Hexslinger on Feb 22, 2023.
             Was a Follower of Okawaru.
             Slain by Pargi (2 damage)
             ... in a sewer.
             The game lasted 00:06:18 (2076 turns).

IndexError the Shooter (Gargoyle Hexslinger)        Turns: 2076, Time: 00:06:19

Health: 0/25       AC:  5    Str: 14    XL:     4   Next: 67%
Magic:  5/5        EV: 12    Int: 13    God:    Okawaru [*.....]
Gold:   102        SH:  0    Dex: 12    Spells: 4/5 levels left

rFire   + . .      SeeInvis .    a - +1 sling (freeze)
rCold   + . .      Faith    .    (no shield)
rNeg    + . .      Spirit   .    c - +0 robe
rPois   ∞          Reflect  .    (no helmet)
rElec   +          Harm     .    h - scarf {rC+ rF+}
rCorr   .          Rampage  .    (no gloves)
Will    .....                    (no boots)
Stlth   +                        (no amulet)
HPRegen 0.24/turn                (no ring)
MPRegen 0.09/turn                (no ring)

@: no status effects
A: sickness immunity, AC +3, negative energy resistance 1, electricity
resistance, torment resistance 1, petrification resistance
a: Renounce Religion, Heroism


You were in a sewer.
You worshipped Okawaru.
Okawaru was aware of your devotion.
You visited 1 branch of the dungeon, and saw 3 of its levels.
You also visited: Sewer.

You collected 102 gold pieces.

Inventory:

Hand Weapons
 a - a +1 sling of freezing (weapon)
Armour
 c - a +0 robe (worn)
 d - a +0 chain mail
   (You found it on level 1 of the Dungeon)
 g - a +0 robe
   (You found it on level 1 of the Dungeon)
 h - a scarf of resistance (worn)
   (You found it on level 1 of the Dungeon)
 i - a +0 leather armour
   (You found it on level 3 of the Dungeon)
 j - a +0 leather armour
   (You found it on level 1 of the Dungeon)
 l - a +0 leather armour
   (You found it on level 1 of the Dungeon)
 o - a +0 robe
   (You found it in a sewer)
Jewellery
 n - a +6 ring of dexterity
   (You found it on level 3 of the Dungeon)
Scrolls
 b - a scroll of poison
Potions
 e - a potion of heal wounds {unknown}
 f - 4 potions of curing {unknown}
 k - a potion of resistance {unknown}
 m - a potion of attraction {unknown}


   Skills:
 - Level 1.1 Fighting
 * Level 4.0 Ranged Weapons
 - Level 1.5 Dodging
 - Level 1.0 Spellcasting
 + Level 3.4 Hexes


You had 4 spell levels left.
You knew the following spells:

 Your Spells              Type           Power      Damage    Failure   Level
s - Slow                  Hex            36%        N/A       7%          1

Your spell library contained the following spells:

 Spells                   Type           Power      Damage    Failure   Level
 Ensorcelled Hibernation  Hex/Ice        10%        N/A       22%         2
 Freeze                   Ice            0%         1d3       28%         1
 Inner Flame              Hex/Fire       5%         N/A       38%         3
 Portal Projectile        Hex/Tloc       10%        N/A       38%         3
 Cause Fear               Hex            4%         N/A       56%         4
 Frozen Ramparts          Ice            0%         1d1       63%         3
 Hailstorm                Conj/Ice       0%         3d3       63%         3
 Spider Form              Tmut/Pois      0%         N/A       63%         3
 Anguish                  Hex/Necr       2%         N/A       80%         4


Dungeon Overview and Level Annotations

Branches:
Dungeon (3/15)              Sewer (1/1)

Altars:
Okawaru

Annotations:
Sewer Pargi


Innate Abilities, Weirdness & Mutations

You are immune to sickness and miasma.
Your stone body is resilient. (AC +3)
You are immune to poison.
You resist negative energy. (rN+)
You are resistant to electric shocks. (rElec)
You are resistant to unholy torment.
You are immune to petrification.


Message History

You shoot a sling bullet.
The sling bullet barely misses the worm.
You shoot a sling bullet. The sling bullet hits the worm!
The sling bullet freezes the worm.
You shoot a sling bullet.
The sling bullet hits the worm but does no damage.
You shoot a sling bullet.
The sling bullet hits the worm but does no damage.
You shoot a sling bullet. The sling bullet hits the worm.
The sling bullet freezes the worm.
You shoot a sling bullet. The sling bullet hits the worm.
The sling bullet freezes the worm.
Okawaru accepts your kill.
You shoot a sling bullet. The sling bullet hits the worm.
The sling bullet freezes the worm.
You shoot a sling bullet. The sling bullet hits the worm!
The sling bullet freezes the worm.
You shoot a sling bullet. The sling bullet hits the worm.
The sling bullet freezes the worm.
The worm splashes around in the water.
You shoot a sling bullet. The sling bullet hits the worm.
The sling bullet freezes the worm.
Okawaru accepts your kill.
No target in view!
No target in view!
No target in view!
No target in view!
No target in view!
No target in view!
No target in view!
You enter the shallow water.
Moving in this stuff is going to be slow.
You see here a worm corpse.
There is a glowing drain here.
The world spins around you as you enter the gateway.
You enter a sewer!
Found a gate leading back out of this place.
There is an empty arch of ancient stone here.
You open the door. You open the door. You open the door.
There is an open door here.
You now have 102 gold pieces (gained 13).
There is an open door here.
You open the door.
There is an open door here.
o - a +0 robe
There is an open door here.
You open the door.
Pargi the Meek comes into view.
Pargi shouts!
Casting: Slow (safe; 7% risk of failure)
Confirm with . or Enter, or press ? or * to list all spells.
Aiming: Slow (safe; 7% risk of failure)
Press: ? - help, Shift-Dir - straight line, f - Pargi
Aim: Pargi (chance to affect: 51%) Pargi seems to slow down.
You now have 4/5 mp.
Casting: Slow (safe; 7% risk of failure)
Confirm with . or Enter, or press ? or * to list all spells.
Okay, then.
Pargi hisses menacingly.
You enter the shallow water.
Moving in this stuff is going to be slow.
Why would you want to do that? Pargi bites you. Pargi misses you.
Pargi claws you.
There is an empty arch of ancient stone here.
You take 5 damage, and have 20/25 hp.
Pargi is no longer moving slowly.
You shoot a sling bullet.
The sling bullet completely misses Pargi.
MP restored: 5 You shoot a sling bullet.
The sling bullet hits Pargi.
The sling bullet freezes Pargi.
Pargi barely misses you. Pargi claws you. x2
You take 5 damage, and have 16/25 hp.
You shoot a sling bullet. The sling bullet hits Pargi.
The sling bullet freezes Pargi.
Pargi bites you but does no damage. Pargi barely misses you.
Pargi claws you but does no damage. Pargi bites you. Pargi claws you. x2
You are too injured to fight recklessly!
You take 8 damage, and have 8/25 hp.
MASSIVE DAMAGE!!
You are too injured to fight recklessly!
You are too injured to fight recklessly!
You are too injured to fight recklessly!
You are too injured to fight recklessly!
You are too injured to fight recklessly!
You are too injured to fight recklessly!
You are too injured to fight recklessly!
You are too injured to fight recklessly!
You are too injured to fight recklessly!
You are too injured to fight recklessly!
Pargi barely misses you. Pargi claws you but does no damage.
Pargi closely misses you. Pargi attacks as you move away! Pargi bites you.
* * * LOW HITPOINT WARNING * * *
Pargi barely misses you. x2
You take 3 damage, and have 5/25 hp.
Pargi attacks as you move away! Pargi barely misses you. Pargi claws you.
* * * LOW HITPOINT WARNING * * *
Pargi claws you.
You die...

#.~≈~.####
#.~≈~.####
+.~≈~.'..#
#.~≈~.####
#.~≈~.####
+..∩....∩#
#.~≈~.####
#T~≈~.####
+@~≈~.'..#
#.~≈~.####
#.~≈~.#
+.~≈~.'..#
#.~≈~.####
#.~≈~.#
+.~≈~.+
#######
#~≈~


You could see Pargi.

Vanquished Creatures
  3 gnolls
  4 worms
  A dart slug (D:1)
  4 endoplasms (D:1)
  3 giant cockroaches (D:1)
  5 goblins
  5 hobgoblins
  3 jackals (D:1)
  3 quokkas (D:1)
  7 ball pythons
  4 bats (D:1)
  2 frilled lizards
  5 kobolds
  A rat (D:2)
50 creatures vanquished.

Notes
Turn   | Place    | Note
-------+----------+-------------------------------------------
     0 | D:1      | IndexError the Gargoyle Hexslinger began the quest for the
                  | Orb.
     0 | D:1      | Reached XP level 1. HP: 12/12 MP: 2/2
   160 | D:1      | Reached XP level 2. HP: 16/16 MP: 3/3
   307 | D:1      | Reached skill level 3 in Hexes
   395 | D:1      | Reached skill level 3 in Ranged Weapons
   438 | D:1      | Reached XP level 3. HP: 20/20 MP: 4/4
   931 | D:2      | Found a faded altar of an unknown god.
   938 | D:2      | Prayed at the altar of an unknown god.
   938 | D:2      | Became a worshipper of Warmaster Okawaru
   938 | D:2      | Reached * piety under Okawaru
  1348 | D:2      | Reached XP level 4. HP: 25/25 MP: 1/5
  1986 | D:3      | Found a glowing drain.
  1994 | D:3      | Reached skill level 4 in Ranged Weapons
  2018 | Sewer    | Entered a sewer
  2059 | Sewer    | Noticed Pargi
  2074 | Sewer    | HP: 5/25 [Pargi (3)]
  2076 | Sewer    | HP: 2/25 [Pargi (3)]
  2076 | Sewer    | Slain by Pargi

Illustrated notes

Levels and vault maps discovered:
D:1:      saegor_arrival_simple_d, layout_loops_corners
D:2:      layout_basic, chequers_ecumenical_altar_simple_redux
D:3:      layout_basic, cheibrodos_sewer_entry_bend
Sewer:    kennysheep_door_sewer

Skill      XL: |  1  2  3  4 |
---------------+-------------+-----
Hexes          | 3 |  3.4
Ranged Weapons | 3 4 |  4.0
Fighting       | |  1.1
Dodging        | |  1.5
Spellcasting   | |  1.0

Action                     |  1- 3 |  4- 6 || total
---------------------------+-------+-------++-------
   Fire: Sling             |   137 |    64 ||   201
   Cast: Slow              |     5 |     8 ||    13
    Use: Scroll            |       |     2 ||     2
 Armour: Robe              |    22 |     8 ||    30
  Dodge: Dodged            |    39 |    22 ||    61

Table legend: (Time is in decaauts)
 A = Elapsed time spent in this place.
 B = Non-inter-level travel time spent in this place.
 C = Inter-level travel time spent in this place.
 D = Time resting spent in this place.
 E = Time spent auto-exploring this place.
 F = Levels seen in this place.
 G = Mean time per level.
                   A        B        C        D        E       F      G
               +--------+--------+--------+--------+--------+-----+--------+
         Total |   2132 |   1903 |    229 |      0 |   1367 |   4 |  533.0 |
       Dungeon |   2073 |   1844 |    229 |      0 |   1327 |   3 |  691.0 |
         Sewer |     59 |     59 |      0 |      0 |     40 |   1 |   59.0 |
               +--------+--------+--------+--------+--------+-----+--------+

Top non-repeatable levels by time:
     D:1: 1064 daAuts
     D:2: 785 daAuts
     D:3: 223 daAuts
   Sewer: 59 daAuts

Table legend:
 A = Kills in this place as a percentage of kills in entire the game.
 B = Kills by you in this place as a percentage of kills by you in the entire game.
 C = Kills by friends in this place as a percentage of kills by friends in the entire game.
 D = Other kills in this place as a percentage of other kills in the entire game.
 E = Experience gained in this place as a percentage of experience gained in the entire game.
 F = Experience gained in this place divided by the number of levels of this place that you have seen.
                   A       B       C       D       E      F
               +-------+-------+-------+-------+-------+----------------------
         Total | 100.0 | 100.0 |   N/A |   N/A | 100.0 |  34.5
       Dungeon | 100.0 | 100.0 |   N/A |   N/A | 100.0 |  46.0
               +-------+-------+-------+-------+-------+----------------------
